 Dungeon Crawl Stone Soup version 0.27-a0-1193-g8631133539 (webtiles) character file.

Game seed: 17487606158324899063

54917 robertstho the Severer (level 14, -2/129 HPs)
             Began as a Minotaur Berserker on May 25, 2021.
             Was a High Priest of Trog.
             Slain by a black mamba (9 damage)
             ... on level 6 of the Lair of Beasts.
             The game lasted 00:31:15 (18290 turns).

robertstho the Severer (Minotaur Berserker)        Turns: 18290, Time: 00:31:15

Health: -2/129     AC: 21    Str: 25    XL:     14   Next: 36%
Magic:  13/13      EV:  9    Int:  5    God:    Trog [*****.]
Gold:   1903       SH:  0    Dex: 11    Spells: 13/13 levels left

rFire    + . .     SeeInvis .   x - +3 executioner's axe
rCold    . . .     Faith    .   (shield currently unavailable)
rNeg     . . .     Spirit   .   J - +0 plate armour
rPois    .         Reflect  .   (helmet restricted)
rElec    .         Harm     .   h - +0 cloak
rCorr    +         Rampage  .   z - +0 pair of gloves
Will     +++..                  A - +0 pair of boots
Stlth    ..........             m - amulet of regeneration
HPRegen  2.31/turn              a - ring of protection from fire
MPRegen  0.13/turn              q - ring of resist corrosion

@: lethally poisoned (-2 -> -5), strong-willed, on berserk cooldown,
regenerating, slowed, very slow
A: horns 2, retaliatory headbutt
a: Renounce Religion, Berserk, Trog's Hand, Brothers in Arms


You were on level 6 of the Lair of Beasts.
You worshipped Trog.
Trog was extremely pleased with you.
You visited 2 branches of the dungeon, and saw 21 of its levels.
You also visited: Ossuary and Bailey.

You collected 2026 gold pieces.
You spent 123 gold pieces at shops.

Inventory:

Hand Weapons
 x - a +3 executioner's axe (weapon)
 N - a +5 long sword of flaming
 R - a +2 antimagic broad axe
Missiles
 o - a throwing net
Armour
 f - a +0 tower shield
 h - a +0 cloak (worn)
 z - a +0 pair of gloves (worn)
 A - a +0 pair of boots (worn)
 J - a +0 plate armour (worn)
Jewellery
 a - a ring of protection from fire (left hand)
 m - an amulet of regeneration (around neck)
 q - a ring of resist corrosion (right hand)
 u - a ring of protection from fire
 y - an amulet of reflection
 K - a ring of see invisible
Wands
 i - a wand of acid (4)
 n - a wand of iceblast (11)
 G - a wand of digging (6)
 O - a wand of mindburst (3)
Scrolls
 b - 4 scrolls of fog
 j - 4 scrolls of enchant armour
 k - 2 scrolls of immolation
 r - 5 scrolls of teleportation
 t - 4 scrolls of magic mapping
 B - a scroll of holy word
 C - 2 scrolls of summoning
 E - 2 scrolls of fear
 F - 4 scrolls of enchant weapon {unknown}
 L - a scroll of identify
 M - a scroll of silence
 P - 2 scrolls of vulnerability
Potions
 c - 11 potions of mutation
 d - 13 potions of curing
 e - 15 potions of flight
 g - a potion of cancellation
 l - 4 potions of haste {unknown}
 s - 4 potions of attraction
 v - 3 potions of might {unknown}
 w - 2 potions of berserk rage
 D - 2 potions of lignification
 H - 8 potions of magic {unknown}
 I - 3 potions of heal wounds
 Q - 2 potions of resistance


   Skills:
 + Level 13.2 Fighting
 + Level 19.1 Axes
 + Level 13.6 Armour
 + Level 5.1 Dodging
 + Level 1.8 Stealth
 + Level 10.8 Shields
 + Level 0.7 Evocations


You had 13 spell levels left.
You didn't know any spells.
Your spell library was empty.

Dungeon Overview and Level Annotations

Branches:
Dungeon (15/15)            Temple (0/1) D:7            Lair (6/6) D:9
 Shoals (0/4) Lair:3       Spider (0/4) Lair:4          Orc (0/2) D:11
 Vaults (0/5) D:13        Ossuary (visited)          Bailey (visited)
  Slime: Lair:5-6    Depths: D:15

Altars:
Cheibriados
Dithmenos
Elyvilon
Fedhas
Gozag
Hepliaklqana
Kikubaaqudgha
Qazlal
Sif Muna
Trog
Uskayaw
Vehumet
Xom
Zin
The Shining One
Lugonu

Shops:
D:3 (

Annotations:
D:8 2 transporters


Innate Abilities, Weirdness & Mutations

You have a pair of horns on your head.
You reflexively headbutt those who attack you in melee.


Message History

The black mamba bites your ogre.
Your ogre looks as sick as possible!
The black mamba poisons your ogre!
Your ogre misses the black mamba.
Your ogre dies!
Your ogre's corpse disappears in a puff of smoke!
Aiming: Corrosive Bolt
Press: ? - help, Shift-Dir - straight line, f/p - black mamba
Aim: a black mamba (moderately wounded, 53% to hit)
The bolt of acid misses the black mamba.
The black mamba closely misses you.
You hit the black mamba but do no damage.
The black mamba is moderately wounded.
The black mamba bites you but does no damage.
The black mamba barely misses you. You furiously retaliate!
You headbutt the black mamba, but do no damage.
The black mamba bites you but does no damage.
You slash the black mamba! Your headbutt misses the black mamba.
The black mamba is severely wounded.
The black mamba bites you but does no damage.
The black mamba closely misses you. You furiously retaliate!
You headbutt the black mamba! The black mamba bites you.
* * * LOW HITPOINT WARNING * * *
You hit the black mamba.
The black mamba is almost dead.
The black mamba barely misses you. x2
The black mamba bites you but does no damage.
You barely miss the black mamba.
The black mamba is almost dead.
The black mamba bites you but does no damage.
The black mamba bites you!
* * * LOW HITPOINT WARNING * * *
You are poisoned.
The black mamba poisons you!
Your skin crawls.
You feel strong-willed.
You feel extremely sick. The black mamba bites you!
* * * LOW HITPOINT WARNING * * *
The black mamba barely misses you. The black mamba bites you!
You die...

.#...P.###
.........#
.......§.#
≈≈≈≈≈††..#
≈≈≈≈≈≈†..#
≈§≈#≈≈≈..##
≈≈##≈#≈...#
≈≈###≈≈...# #####
≈#≈##≈≈..#####.#@##
≈≈##≈≈≈...##.#..S.#
≈≈ ##≈≈...#.....^.#
≈## #≈≈.....)P...P#
≈# #≈≈..........##
#≈≈≈......P....#
###≈...........#
#≈.....##.#.##
≈≈≈.....#..P..#


You could see a black mamba.

Vanquished Creatures
  Josephine (D:13)
  3 hydras
  Harold (D:8)
  2 catoblepae
  A boulder beetle (D:14)
  The ghost of McSplat the Spear-Bearer, a journeyman MfIE of Zin (D:9)
  5 centaur warriors
  4 two-headed ogres
  2 dancing weapons (D:13)
  The ghost of Belboz the Thrower, a novice TrHu of Okawaru (D:10)
  3 death yaks (Lair:5)
  A deep elf archer (D:10)
  A harpy (shapeshifter) (D:14)
  A deep elf pyromancer (D:12)
  An orc knight (Bailey)
  9 cyclopes
  An orb spider (Lair:4)
  An ugly thing (D:12)
  A cyclops (shapeshifter) (D:13)
  13 elephants
  2 black mambas
  3 gargoyles
  A torpor snail (Lair:4)
  Maggie (D:8)
  8 cane toads
  3 kobold demonologists
  A rime drake (Lair:6)
  An unseen horror (D:13)
  A freezing wraith (D:14)
  6 komodo dragons
  A polar bear (Lair:5)
  A merfolk (Lair:3)
  2 hornets (D:9)
  3 trolls
  9 slime creatures
  5 blink frogs (Lair:3)
  7 wraiths
  3 wyverns
  3 fire bats (Lair:4)
  A shadow (D:9)
  A vampire (D:14)
  A human (shapeshifter) (D:10)
  20 yaks
  4 basilisks
  A hog (shapeshifter) (D:14)
  9 vampire mosquitoes
  2 wargs (D:12)
  4 acid dragons
  12 water moccasins
  Duvessa (D:7)
  3 black bears
  4 orc warriors
  2 ice beasts
  A necrophage (D:4)
  3 boggarts (D:14)
  4 kobold brigands
  A gnoll sergeant (D:13)
  13 bullfrogs
  Dowan (D:7)
  9 scorpions
  A water moccasin skeleton (D:4)
  10 killer bees (D:9)
  3 wights (D:10)
  A howler monkey (D:10)
  4 electric eels
  2 human zombies (Ossuary)
  11 centaur zombies
  6 orc priests
  2 hounds
  A centaur skeleton (D:7)
  A gnoll shaman (D:6)
  4 jellies
  Crazy Yiuf (D:2)
  Ijyb (D:3)
  An iguana (D:6)
  15 orc wizards
  3 scorpion zombies (Ossuary)
  Natasha (thrice) (D:2)
  A hound skeleton (D:4)
  3 mummies (Ossuary)
  A howler monkey zombie (D:8)
  3 adders
  24 gnolls
  3 shadow imps
  2 white imps
  An ufetubus (D:4)
  4 worms
  2 dart slugs
  53 orcs
  8 endoplasms
  7 giant cockroaches
  3 gnoll zombies (Ossuary)
  4 goblins
  14 hobgoblins
  3 jackals (D:4)
  30 kobolds
  6 quokkas
  6 ball pythons
  3 bats
  3 frilled lizards
  A goblin zombie (Ossuary)
  3 hobgoblin zombies (Ossuary)
  A kobold zombie (Ossuary)
  An orc zombie (Ossuary)
  5 rats
476 creatures vanquished.

Vanquished Creatures (collateral kills)
  Nessos (Lair:6)
  A centaur warrior (D:10)
  A cane toad (Lair:3)
  A gargoyle (D:10)
  A merfolk (Lair:3)
  5 yaks
  A basilisk (D:9)
  A steam dragon (D:10)
12 creatures vanquished.

Vanquished Creatures (others)
  19 fungi
  26 plants
45 creatures vanquished.

Grand Total: 533 creatures vanquished

Notes
Turn   | Place    | Note
-------+----------+-------------------------------------------
     0 | D:1      | robertstho the Minotaur Berserker began the quest for the
                  | Orb.
     0 | D:1      | Reached XP level 1. HP: 19/19 MP: 0/0
   271 | D:1      | Reached XP level 2. HP: 23/27 MP: 1/1
   636 | D:1      | Reached skill level 4 in Axes
   925 | D:2      | Noticed Natasha
   932 | D:2      | Killed Natasha
   933 | D:2      | Reached XP level 3. HP: 34/34 MP: 2/2
  1124 | D:2      | Noticed Natasha
  1138 | D:2      | Killed Natasha
  1139 | D:2      | Reached XP level 4. HP: 22/41 MP: 3/3
  1169 | D:2      | Noticed Natasha
  1230 | D:2      | Killed Natasha
  1230 | D:2      | Reached ** piety under Trog
  1527 | D:2      | Reached skill level 5 in Axes
  1629 | D:2      | Found a faded altar of an unknown god.
  2002 | D:2      | Found a runed translucent door.
  2003 | D:2      | Noticed Crazy Yiuf
  2008 | D:2      | Killed Crazy Yiuf
  2009 | D:2      | Reached XP level 5. HP: 47/47 MP: 4/4
  2336 | D:3      | Noticed Ijyb
  2342 | D:3      | Killed Ijyb
  2343 | D:3      | Reached skill level 5 in Fighting
  2408 | D:3      | Found a radiant altar of Vehumet.
  2761 | D:3      | Found Serot's Antique Weapon Shop.
  3089 | D:4      | Reached skill level 6 in Axes
  3135 | D:4      | Noticed a necrophage
  3144 | D:4      | Killed a necrophage
  3145 | D:4      | Reached XP level 6. HP: 51/56 MP: 5/5
  3429 | D:4      | Noticed a yak
  3430 | D:4      | Reached *** piety under Trog
  3442 | D:4      | Killed a yak
  3443 | D:4      | Reached skill level 7 in Axes
  3443 | D:4      | Reached XP level 7. HP: 44/63 MP: 6/6
  4259 | D:3      | Bought a glowing war axe for 123 gold pieces
  4296 | D:5      | Entered Level 5 of the Dungeon
  4307 | D:5      | Found a sand-covered staircase.
  4321 | Ossuary  | Entered an ossuary
  4352 | Ossuary  | Reached skill level 8 in Axes
  4355 | Ossuary  | Reached skill level 1 in Shields
  4377 | Ossuary  | Reached XP level 8. HP: 71/71 MP: 7/7
  4435 | Ossuary  | Reached **** piety under Trog
  4449 | Ossuary  | Reached skill level 9 in Axes
  4666 | D:5      | Reached skill level 10 in Axes
  4666 | D:5      | Reached skill level 5 in Armour
  4672 | D:5      | Found a bloodstained altar of Trog.
  4841 | D:5      | Found a white marble altar of Elyvilon.
  5293 | D:6      | Reached XP level 9. HP: 79/79 MP: 8/8
  5340 | D:6      | Found an opulent altar of Gozag.
  5938 | D:7      | Noticed Duvessa
  5940 | D:7      | Noticed Dowan
  5947 | D:7      | Killed Duvessa
  5954 | D:7      | Killed Dowan
  6056 | D:7      | Reached skill level 11 in Axes
  6069 | D:7      | Reached ***** piety under Trog
  6102 | D:7      | Found a staircase to the Ecumenical Temple.
  6875 | D:8      | Found a transporter.
  6878 | D:8      | Found a transporter.
  6878 | D:8      | Noticed a red ugly thing
  6879 | D:8      | Found a corrupted altar of Lugonu.
  7012 | D:8      | Noticed Harold
  7020 | D:8      | Killed Harold
  7021 | D:8      | Reached skill level 12 in Axes
  7021 | D:8      | Reached skill level 1 in Stealth
  7021 | D:8      | Reached skill level 5 in Shields
  7059 | D:8      | Found a shadowy altar of Dithmenos.
  7144 | D:8      | Noticed an ancient zyme
  7148 | D:8      | Noticed a purple ugly thing
  7159 | D:8      | Reached XP level 10. HP: 69/88 MP: 9/9
  7259 | D:8      | Noticed Maggie
  7261 | D:8      | Found a hide-covered altar of Uskayaw.
  7267 | D:8      | Killed Maggie
  7546 | D:8      | Found an ancient bone altar of Kikubaaqudgha.
  7702 | D:9      | Found a hazy altar of Hepliaklqana.
  7717 | D:9      | Reached skill level 13 in Axes
  7787 | D:9      | Found a stormy altar of Qazlal.
  7827 | D:9      | Found a glowing silver altar of Zin.
  7854 | D:9      | Found a staircase to the Lair.
  8019 | D:9      | Found a glowing golden altar of the Shining One.
  8105 | D:9      | Found a large runed translucent door.
  8106 | D:9      | Found a large runed translucent door.
  8109 | D:9      | Noticed McSplat's ghost (journeyman MfIE)
  8708 | D:9      | Killed McSplat's ghost
  8747 | D:10     | Entered Level 10 of the Dungeon
  8891 | D:10     | Noticed a two-headed ogre
  8897 | D:10     | Killed a two-headed ogre
  8898 | D:10     | Reached XP level 11. HP: 95/95 MP: 10/10
  8933 | D:10     | Noticed a two-headed ogre
  8951 | D:10     | Killed a two-headed ogre
  9086 | D:10     | Reached skill level 14 in Axes
  9144 | D:10     | Found a snail-covered altar of Cheibriados.
  9147 | D:10     | Found a glowing silver altar of Zin.
  9147 | D:10     | Found a hazy altar of Hepliaklqana.
  9149 | D:10     | Found a shimmering blue altar of Sif Muna.
  9149 | D:10     | Found a shimmering altar of Xom.
  9149 | D:10     | Found a blossoming altar of Fedhas.
  9228 | D:10     | Found a runed translucent gate.
  9228 | D:10     | Found a runed translucent gate.
  9228 | D:10     | Found a runed translucent gate.
  9237 | D:10     | Found an opulent altar of Gozag.
  9238 | D:10     | Noticed a centaur warrior
  9238 | D:10     | Noticed Belboz's ghost (novice TrHu)
  9238 | D:10     | Noticed a deep elf archer
  9256 | D:10     | Noticed a two-headed ogre
  9266 | D:10     | Killed a two-headed ogre
  9267 | D:10     | Reached skill level 10 in Armour
  9868 | D:10     | Killed a centaur warrior
  9871 | D:10     | Killed Belboz's ghost
  9877 | D:10     | Killed a deep elf archer
 10278 | D:11     | Found a staircase to the Orcish Mines.
 10342 | D:11     | Received a gift from Trog
 10344 | D:11     | Reached skill level 15 in Axes
 10444 | D:11     | Reached ****** piety under Trog
 10691 | D:11     | Reached skill level 10 in Fighting
 11024 | D:12     | Reached XP level 12. HP: 54/106 MP: 3/11
 11630 | D:12     | Reached skill level 16 in Axes
 11924 | D:13     | Found a blossoming altar of Fedhas.
 11948 | D:13     | Found a gate to the Vaults.
 12023 | D:13     | Noticed a centaur warrior
 12034 | D:13     | Killed a centaur warrior
 12061 | D:13     | Noticed a centaur warrior
 12070 | D:13     | Killed a centaur warrior
 12153 | D:13     | Noticed a centaur warrior
 12154 | D:13     | Noticed a two-headed ogre
 12162 | D:13     | Killed a two-headed ogre
 12163 | D:13     | Killed a centaur warrior
 12501 | D:13     | Noticed a centaur warrior
 12510 | D:13     | Received a gift from Trog
 12513 | D:13     | Killed a centaur warrior
 12716 | D:13     | Noticed Josephine
 12724 | D:13     | Killed Josephine
 12725 | D:13     | Reached skill level 5 in Dodging
 12725 | D:13     | Reached XP level 13. HP: 116/116 MP: 4/12
 13120 | D:14     | Found a flagged portal.
 13132 | D:14     | Reached skill level 17 in Axes
 13143 | Bailey   | Entered a bailey
 13419 | D:14     | Reached skill level 10 in Shields
 13747 | D:14     | Found a radiant altar of Vehumet.
 13891 | D:15     | Entered Level 15 of the Dungeon
 14034 | Lair:1   | Entered Level 1 of the Lair of Beasts
 14164 | Lair:1   | Received a gift from Trog
 15767 | Lair:3   | Identified a scroll of acquirement
 15770 | Lair:3   | Acquired 578 gold pieces
 15987 | Lair:3   | Found a staircase to the Shoals.
 16068 | Lair:3   | Reached skill level 18 in Axes
 16544 | Lair:4   | Reached XP level 14. HP: 54/127 MP: 13/13
 16730 | Lair:4   | Found a hole to the Spider Nest.
 17657 | Lair:5   | Received a gift from Trog
 17967 | Lair:5   | Reached skill level 19 in Axes
 18232 | Lair:6   | Entered Level 6 of the Lair of Beasts
 18245 | Lair:6   | Noticed Nessos
 18262 | Lair:6   | HP: 5/129 [poisoned by Nessos]
 18273 | Lair:6   | HP: 9/193 [Nessos (3)]
 18274 | Lair:6   | HP: 4/193 [Nessos (5)]
 18274 | Lair:6   | Killed Nessos
 18276 | Lair:6   | HP: 1/129 [poisoned by Nessos]
 18290 | Lair:6   | Slain by a black mamba

Illustrated notes

Levels and vault maps discovered:
D:1:      matt_arrival_los_fun, layout_loops_ring
D:2:      layout_basic, shapermc_ecumenical_altar_totnotflames,
          chequers_mini_garden, uniq_crazy_yiuf_cottage, uniq_natasha
D:3:      layout_loops_cross, lemuel_crystal_altar, serial_shops,
          shop_fountains, uniq_ijyb
D:4:      cheibrodos_barr_body, layout_basic
D:5:      layout_rooms, amcnicky_altar_gilded, lemuel_round_altar,
          enter_ossuary_2
D:6:      layout_cave_pods, grunt_gozag_breadcrumbs
D:7:      layout_gridville, minmay_temple_entry_antechambers, uniq_duvessa
D:8:      gammafunk_corrupted_shrine, layout_basic, nicolae_uskayaw_dance_hall,
          kennysheep_mini, nicolae_dithmenos_shadow_blocks, st_stairs_2,
          uniq_harold, uniq_maggie
D:9:      layout_roguey, old_standard_altar, kennysheep_little_box,
          lemuel_round_altar, tso_oasis_becter, david_lair_generic,
          ebering_ghost_disaster_area, minmay_quadrilaterals
D:10:     layout_basic, doesnt_xom_only_xom, ebering_ghost_gozag
D:11:     layout_stronghold, hiddenorc2_lemuel
D:12:     giant_chief_lemuel, layout_stronghold
D:13:     layout_gridville, erik_vaults_1, fedhas_altar_2, uniq_josephine
D:14:     layout_roguey, enter_bailey_1, nicolae_vehumet_altar_sigil
D:15:     grunt_enter_depths_magical_seal, layout_cave_pools,
          nicolae_trove_entry_isolated, hangedman_ru_absence, feat_on_display,
          uniq_louise
Lair:1:   layout_concentric_octagons, grunt_megastairs_1
Lair:2:   layout_cellular_growth
Lair:3:   layout_loops_ring, elwin_shoals_entry_rooms, serial_bayou_crossing
Lair:4:   layout_gridlike, nicolae_spider_entry_orb_guardian, minmay_holes,
          st_stairs_5
Lair:5:   layout_regular_city, serial_bayou_shore_a, grunt_megastairs_5
Lair:6:   guppyfry_lair_end_dragon, layout_gridlike, wormcave, slime_altar_1,
          hangedman_lair_unloving_vines, columned_hall_lemuel,
          nzn_sisyphean_effort, uniq_nessos

Skill      XL: |  1  2  3  4  5  6  7  8  9 10 11 12 13 14 |
---------------+-------------------------------------------+-----
Fighting       | 4 5 6 7 8 10 11 12 13 | 13.2
Axes           | 4 5 6 7 8 10 12 13 15 16 18 19 | 19.1
Dodging        | 3 4 5 |  5.1
Armour         | 3 4 5 6 9 10 12 13 | 13.6
Shields        | 2 3 5 7 8 9 10 | 10.8
Stealth        | 1 |  1.8
Evocations     | |  0.7

Action                   |  1- 3 |  4- 6 |  7- 9 | 10-12 | 13-15 || total
-------------------------+-------+-------+-------+-------+-------++-------
Melee: Hand axe          |    47 |   114 |    55 |       |       ||   216
       Headbutt          |       |    32 |    36 |   107 |    91 ||   266
       War axe           |       |       |   196 |   260 |       ||   456
       Broad axe         |       |       |       |   247 |   170 ||   417
       Executioner's axe |       |       |       |       |   235 ||   235
Invok: Berserk           |     2 |     7 |     7 |    14 |     7 ||    37
       Brothers in Arms  |       |       |       |     2 |     5 ||     7
       Trog's Hand       |       |       |       |     1 |     3 ||     4
Evoke: Wand              |       |       |       |       |    10 ||    10
  Use: Scroll            |       |     4 |     7 |     4 |    11 ||    26
       Potion            |       |       |       |       |     8 ||     8
Armor: Animal skin       |     7 |    10 |       |       |       ||    17
       Chain mail        |       |    10 |   121 |       |       ||   131
       Plate armour      |       |       |    18 |   345 |   281 ||   644
Dodge: Dodged            |    25 |    52 |    61 |   112 |   210 ||   460
Block: Kite shield       |       |     3 |   125 |   276 |   109 ||   513

Table legend: (Time is in decaauts)
 A = Elapsed time spent in this place.
 B = Non-inter-level travel time spent in this place.
 C = Inter-level travel time spent in this place.
 D = Time resting spent in this place.
 E = Time spent auto-exploring this place.
 F = Levels seen in this place.
 G = Mean time per level.
                   A        B        C        D        E       F      G
               +--------+--------+--------+--------+--------+-----+--------+
         Total |  18729 |  17908 |    821 |   1032 |  13590 |  23 |  814.3 |
       Dungeon |  13803 |  13140 |    663 |    896 |   9986 |  15 |  920.2 |
          Lair |   4353 |   4195 |    158 |    136 |   3404 |   6 |  725.5 |
       Ossuary |    327 |    327 |      0 |      0 |     58 |   1 |  327.0 |
        Bailey |    244 |    244 |      0 |      0 |    142 |   1 |  244.0 |
               +--------+--------+--------+--------+--------+-----+--------+

Top non-repeatable levels by time:
    D:10: 1266 daAuts
     D:4: 1226 daAuts
     D:2: 1223 daAuts
    D:13: 1134 daAuts
     D:9: 1106 daAuts
    D:12: 1098 daAuts
     D:3: 1094 daAuts
     D:7: 997 daAuts
  Lair:1: 979 daAuts
    D:11: 920 daAuts
  Lair:5: 904 daAuts
  Lair:4: 898 daAuts
     D:8: 896 daAuts
     D:1: 865 daAuts
  Lair:3: 858 daAuts
